 Dungeon Crawl Stone Soup version 0.28-a0-95-g65e1ffefe4 (webtiles) character file.

Game seed: 8561507249609837552

184 deadmanwalking the Magician (level 5, -21/37 HPs)
             Began as a Gnoll Hedge Wizard on Aug 8, 2021.
             Was an Initiate of Gozag.
             Demolished by an ogre (28 damage)
             ... on level 4 of the Dungeon.
             The game lasted 00:07:22 (4016 turns).

deadmanwalking the Magician (Gnoll Hedge Wizard)    Turns: 4016, Time: 00:07:24

Health: -21/37     AC:  2    Str:  9    XL:     5   Next: 63%
Magic:  17/23      EV: 13    Int: 14    God:    Gozag
Gold:   149        SH:  0    Dex: 12    Spells: 5/18 levels left

rFire   . . .      SeeInvis .   n - +0 dagger (venom)
rCold   . . .      Faith    .   (no shield)
rNeg    . . .      Spirit   .   b - +0 robe
rPois   .          Reflect  .   c - +0 hat
rElec   .          Harm     .   (no cloak)
rCorr   .          Rampage  .   (no gloves)
Will    .....                   (no boots)
Stlth   +++.......              (no amulet)
HPRegen 0.12/turn               d - ring of magical power
MPRegen 0.18/turn               (no ring)

@: no status effects
A: fangs 1, strong nose, distributed training
a: Renounce Religion, Potion Petition, Call Merchant, Bribe Branch


You were on level 4 of the Dungeon.
You worshipped Gozag.
Gozag was aware of your devotion.
You visited 1 branch of the dungeon, and saw 4 of its levels.

You collected 191 gold pieces.
You paid 42 gold pieces to Gozag.

Inventory:

Hand Weapons
 a - a +0 dagger of flaming
 n - a +0 dagger of venom (weapon)
 o - a +0 vorpal hand axe
Missiles
 f - 53 stones
 g - a throwing net
 h - 14 bolts
Armour
 b - a +0 robe (worn)
 c - a +0 hat (worn)
Jewellery
 d - a ring of magical power (left hand)
Scrolls
 j - a scroll of brand weapon
 k - a scroll of vulnerability
Potions
 e - a potion of ambrosia
 i - 3 potions of curing
 l - a potion of lignification {unknown}
 m - 3 potions of haste {unknown}


   Skills:
 + Level 1.6 Fighting
 + Level 1.6 Short Blades
 + Level 1.6 Long Blades
 + Level 1.6 Axes
 + Level 1.6 Maces & Flails
 + Level 1.6 Polearms
 + Level 1.6 Staves
 + Level 1.6 Slings
 + Level 1.6 Bows
 + Level 1.6 Crossbows
 + Level 1.6 Throwing
 + Level 1.6 Armour
 + Level 4.8 Dodging
 + Level 4.4 Stealth
 + Level 1.6 Shields
 + Level 1.6 Unarmed Combat
 + Level 7.3 Spellcasting
 + Level 2.4 Conjurations
 + Level 1.2 Hexes
 + Level 2.4 Summonings
 + Level 1.2 Necromancy
 + Level 2.4 Translocations
 + Level 1.2 Transmutations
 + Level 1.2 Fire Magic
 + Level 1.2 Ice Magic
 + Level 1.2 Air Magic
 + Level 1.2 Earth Magic
 + Level 1.2 Poison Magic
 + Level 1.8 Invocations
 + Level 1.6 Evocations


You had 5 spell levels left.
You knew the following spells:

 Your Spells              Type           Power      Damage    Failure   Level
a - Magic Dart            Conj           48%        1d5       4%          1
b - Blink                 Tloc           N/A        N/A       8%          2
c - Call Imp              Summ           12%        N/A       8%          2
d - Slow                  Hex            8%         N/A       12%         2
e - Conjure Flame         Conj/Fire      10%        6-21      19%         3
f - Mephitic Cloud        Conj/Pois/Air  9%         N/A       21%         3

Your spell library contained the following spells:

 Spells                   Type           Power      Damage    Failure   Level


Dungeon Overview and Level Annotations

Branches:
Dungeon (4/15)
 Temple: D:4-7

Altars:
Cheibriados
Dithmenos
Elyvilon
Gozag
Nemelex Xobeh


Innate Abilities, Weirdness & Mutations

You have very sharp teeth.
Your uncanny sense of smell can sniff out nearby items.
Your experience applies equally to all skills.


Message History

The ball python moves out of view.
The magic dart hits the ogre.
The ogre is lightly wounded.
Your crimson imp hits the ogre.
The ogre hits you with a +0 giant club!
The magic dart hits the ogre.
The ogre is moderately wounded.
Your crimson imp hits the ogre but does no damage.
The ogre misses you.
The magic dart hits the ogre.
The ogre is heavily wounded.
Your crimson imp barely misses the ogre.
You hit the ogre.
The ogre is heavily wounded.
Your crimson imp hits the ogre but does no damage.
The ogre hits you with a +0 giant club!
* * * LOW HITPOINT WARNING * * *
You barely miss the ogre.
The ogre is heavily wounded.
Your crimson imp hits the ogre.
The ogre barely misses your crimson imp.
You hit the ogre but do no damage.
The ogre is poisoned.
The ogre is severely wounded.
The ball python bites your crimson imp. The ball python grabs your crimson imp.
The ball python constricts your crimson imp.
Your crimson imp barely misses the ball python.
You hit the ogre but do no damage.
The ogre is severely wounded.
The ball python bites your crimson imp.
The ball python constricts your crimson imp.
The ogre closely misses you.
Your crimson imp barely misses the ball python.
You hit the ogre.
The ogre is severely wounded.
The ball python bites your crimson imp.
The ball python constricts your crimson imp.
Your crimson imp barely misses the ball python.
The ogre hits you with a +0 giant club!!
Ouch! That really hurt!
You die...
Your body crumbles into a pile of gold.

.. ###### ..
##....## ..
##....>.## .
##..<.....## #.
##..........##
#.####............##
#...#..............#
#.............<..#
###.........@...#
#.........O5.##
#.....^.)..S##
#.............#
############....
..... ..... .....


You could see an ogre (very poisoned), a ball python (ally target) and a
friendly crimson imp (summoned).

Vanquished Creatures
  A scorpion (D:4)
  An orc wizard (D:3)
  3 adders (D:3)
  A dart slug (D:2)
  7 orcs (D:3)
  9 ball pythons
  3 bats (D:1)
  8 endoplasms
  5 goblins
  7 hobgoblins
  8 jackals
  11 kobolds
  3 frilled lizards
  4 rats
71 creatures vanquished.

Vanquished Creatures (collateral kills)
  A ball python (D:4)
1 creature vanquished.

Vanquished Creatures (others)
  A plant (D:3)
1 creature vanquished.

Grand Total: 73 creatures vanquished

Notes
Turn   | Place    | Note
-------+----------+-------------------------------------------
     0 | D:1      | deadmanwalking the Gnoll Hedge Wizard began the quest for
                  | the Orb.
     0 | D:1      | Reached XP level 1. HP: 13/13 MP: 8/8
   139 | D:1      | Reached XP level 2. HP: 19/19 MP: 7/10
   150 | D:1      | Learned a level 2 spell: Blink
   153 | D:1      | Learned a level 2 spell: Call Imp
   156 | D:1      | Learned a level 2 spell: Slow
   329 | D:1      | Found a faded altar of an unknown god.
   571 | D:1      | Reached XP level 3. HP: 25/25 MP: 11/11
  1246 | D:2      | Reached skill level 1 in Invocations
  1811 | D:2      | Reached skill level 1 in Fighting
  1811 | D:2      | Reached skill level 1 in Short Blades
  1811 | D:2      | Reached skill level 1 in Long Blades
  1811 | D:2      | Reached skill level 1 in Axes
  1811 | D:2      | Reached skill level 1 in Maces & Flails
  1811 | D:2      | Reached skill level 1 in Polearms
  1811 | D:2      | Reached skill level 1 in Staves
  1811 | D:2      | Reached skill level 1 in Slings
  1811 | D:2      | Reached skill level 1 in Bows
  1811 | D:2      | Reached skill level 1 in Crossbows
  1811 | D:2      | Reached skill level 1 in Throwing
  1811 | D:2      | Reached skill level 1 in Armour
  1811 | D:2      | Reached skill level 1 in Shields
  1811 | D:2      | Reached skill level 1 in Unarmed Combat
  1811 | D:2      | Reached skill level 1 in Evocations
  2221 | D:3      | Reached XP level 4. HP: 26/32 MP: 13/13
  2329 | D:3      | Found a shadowy altar of Dithmenos.
  2435 | D:3      | Reached skill level 1 in Hexes
  2435 | D:3      | Reached skill level 1 in Necromancy
  2435 | D:3      | Reached skill level 1 in Transmutations
  2435 | D:3      | Reached skill level 1 in Fire Magic
  2435 | D:3      | Reached skill level 1 in Ice Magic
  2435 | D:3      | Reached skill level 1 in Air Magic
  2435 | D:3      | Reached skill level 1 in Earth Magic
  2435 | D:3      | Reached skill level 1 in Poison Magic
  2708 | D:3      | Learned a level 3 spell: Conjure Flame
  2712 | D:3      | Learned a level 3 spell: Mephitic Cloud
  2898 | D:3      | Found a white marble altar of Elyvilon.
  2922 | D:3      | Found a sparkling altar of Nemelex Xobeh.
  2935 | D:3      | Reached XP level 5. HP: 37/37 MP: 14/14
  3338 | D:3      | Found a snail-covered altar of Cheibriados.
  3377 | D:3      | Found an opulent altar of Gozag.
  3385 | D:3      | Became a worshipper of Gozag Ym Sagoz the Greedy
  4004 | D:4      | Noticed an ogre
  4016 | D:4      | Demolished by an ogre

Illustrated notes

Levels and vault maps discovered:
D:1:      mushboom_english_gardens, layout_basic, ebering_ecumenical_altar_box
D:2:      layout_loops_ring, minmay_misc_feat_tiny
D:3:      layout_loops_corners, mainiacjoe_overflow_24_doors, marbit_many_paths,
          mainiacjoe_overflow_six_doors_small, mainiacjoe_overflow_swirl,
          kennysheep_crisscross, minmay_misc_feat_columns, serial_bayou_pond_e
D:4:      layout_cave_pods, uniq_pikel

Skill      XL: |  1  2  3  4 |
---------------+-------------+-----
Conjurations   | 2 |  2.4
Summonings     | 2 |  2.4
Translocations | 2 |  2.4
Invocations    | 1 |  1.8
Fighting       | 1 |  1.6
Short Blades   | 1 |  1.6
Long Blades    | 1 |  1.6
Axes           | 1 |  1.6
Maces & Flails | 1 |  1.6
Polearms       | 1 |  1.6
Staves         | 1 |  1.6
Slings         | 1 |  1.6
Bows           | 1 |  1.6
Crossbows      | 1 |  1.6
Throwing       | 1 |  1.6
Armour         | 1 |  1.6
Shields        | 1 |  1.6
Unarmed Combat | 1 |  1.6
Evocations     | 1 |  1.6
Hexes          | 1 |  1.2
Necromancy     | 1 |  1.2
Transmutations | 1 |  1.2
Fire Magic     | 1 |  1.2
Ice Magic      | 1 |  1.2
Air Magic      | 1 |  1.2
Earth Magic    | 1 |  1.2
Poison Magic   | 1 |  1.2
Dodging        | |  4.8
Stealth        | |  4.4
Spellcasting   | |  7.3

Action                   |  1- 3 |  4- 6 || total
-------------------------+-------+-------++-------
Melee: Dagger            |       |    27 ||    27
       Bite              |       |     1 ||     1
 Cast: Magic Dart        |   113 |    75 ||   188
       Call Imp          |       |     3 ||     3
  Use: Scroll            |     8 |       ||     8
Armor: Robe              |     3 |     8 ||    11
Dodge: Dodged            |    14 |    33 ||    47

Table legend: (Time is in decaauts)
 A = Elapsed time spent in this place.
 B = Non-inter-level travel time spent in this place.
 C = Inter-level travel time spent in this place.
 D = Time resting spent in this place.
 E = Time spent auto-exploring this place.
 F = Levels seen in this place.
 G = Mean time per level.
                   A        B        C        D        E       F      G
               +--------+--------+--------+--------+--------+-----+--------+
         Total |   4018 |   3713 |    305 |    289 |   3014 |   4 | 1004.5 |
       Dungeon |   4018 |   3713 |    305 |    289 |   3014 |   4 | 1004.5 |
               +--------+--------+--------+--------+--------+-----+--------+

Top non-repeatable levels by time:
     D:3: 1685 daAuts
     D:1: 1233 daAuts
     D:2: 989 daAuts
     D:4: 109 daAuts
